 Dungeon Crawl Stone Soup version 0.25.1-2-g60ff931df9 (webtiles) character file.

Game seed: 12201903559293068237

2053 DearestLeader the Destroyer (level 9, 0/45 HPs)
             Began as a Deep Elf Conjurer on Sept 23, 2020.
             Slain by a steam dragon (4 damage)
             ... on level 5 of the Dungeon.
             The game lasted 00:19:30 (5380 turns).

DearestLeader the Destroyer (Deep Elf Conjurer)     Turns: 5380, Time: 00:19:30

Health: 0/45       AC:  3    Str:  5    XL:     9   Next: 4%
Magic:  28/32      EV: 13    Int: 24    God:
Gold:   196        SH:  5    Dex: 15    Spells: 10/24 levels left

rFire    . . .     SeeInvis .   C - +2 whip (elec)
rCold    . . .     Gourm    .   (no shield)
rNeg     . . .     Faith    .   a - +0 robe
rPois    .         Spirit   .   j - +0 helmet
rElec    .         Reflect  +   (no cloak)
rCorr    .         Harm     .   (no gloves)
MR       .....                  (no boots)
Stlth    ++........             b - amulet of reflection
HPRegen  0.15/turn              r - ring of magical power
MPRegen  0.23/turn              D - ring of wizardry

@: no status effects
A: no striking features
a: no special abilities


You were on level 5 of the Dungeon.
You were not hungry.

You visited 1 branch of the dungeon, and saw 5 of its levels.

You collected 196 gold pieces.

Inventory:

Hand Weapons
 C - a +2 whip of electrocution (weapon)
 E - a +1 whip of venom
Armour
 a - a +0 robe (worn)
 j - a +0 helmet (worn)
Jewellery
 b - an amulet of reflection (around neck)
 l - an uncursed ring of flight
 o - an uncursed ring of ice
 r - a ring of magical power (left hand)
 D - a ring of wizardry (right hand)
Wands
 i - a wand of paralysis (5)
 x - a wand of random effects (16)
 y - a wand of enslavement (6)
Scrolls
 e - a scroll of blinking {unknown}
 f - 2 scrolls of enchant weapon {unknown}
 g - 2 scrolls of remove curse
 n - a scroll of fear {unknown}
 q - a scroll of enchant armour {unknown}
 t - 3 scrolls of fog {unknown}
 u - 3 scrolls of teleportation {unknown}
 B - a scroll of identify
Potions
 d - 2 potions of heal wounds
 h - 2 potions of curing
 k - 3 potions of degeneration {unknown}
 p - a potion of brilliance {unknown}
 s - a potion of mutation {unknown}
 v - a potion of magic {unknown}
 w - 2 potions of berserk rage {unknown}
 z - a potion of lignification {unknown}
 A - a potion of flight {unknown}
Comestibles
 c - 8 rations


   Skills:
 - Level 3.0 Dodging
 - Level 2.4 Stealth
 + Level 8.2 Spellcasting
 * Level 11.8 Conjurations


You had 10 spell levels left.
You knew the following spells:

 Your Spells              Type           Power        Failure   Level  Hunger
a - Magic Dart            Conj           ####         1%          1    None
b - Searing Ray           Conj           ######       1%          2    None
c - Dazzling Flash        Conj/Hex       #####.       1%          3    None
d - Fulminant Prism       Conj/Hex       #####.....   2%          4    ##.....
e - Iskenderun's Mystic   Conj/Tloc      #####...     2%          4    ##.....

Your spell library contained the following spells:

 Spells                   Type           Power        Failure   Level  Hunger
 Summon Small Mammal      Summ           #...         2%          1    None
 Call Imp                 Summ           #.......     4%          2    None
 Call Canine Familiar     Summ           #.......     8%          3    None
 Summon Guardian Golem    Hex/Summ       #.......     8%          3    None
 Summon Ice Beast         Ice/Summ       #.......     26%         4    ##.....
 Summon Lightning Spire   Summ/Air       #.......     26%         4    ##.....


Dungeon Overview and Level Annotations

Branches:
Dungeon (5/15)
 Temple: D:4-7

Altars:
Nemelex Xobeh
Trog
The Shining One


Message History

The steam dragon is lightly wounded. (Press . to maintain the ray.)
The searing ray hits the steam dragon!
The steam dragon is moderately wounded.
The searing ray hits the steam dragon!
The steam dragon is heavily wounded.
The searing ray hits the steam dragon!
The steam dragon is almost dead.
The searing ray hits the gnoll!!
You kill the gnoll!
You finish channeling your searing ray.
The steam dragon breathes steam at you. The ball of steam hits you!
* * * LOW HITPOINT WARNING * * *
You are engulfed in a cloud of scalding steam.
* * * LOW HITPOINT WARNING * * *
The steam dragon breathes steam at you. The ball of steam misses you.
You block the steam dragon's attack. The steam dragon claws you.
You die...

.#.....#..# ##...........
######'####....#..###.###........
.###.....###...'..(#.## #...##.##
..###.....###..#..#.## #..###...
...###.....###.#..#.#####..# ####
....###.....####..#........# #
....g###.)...###..####.....######
##'#######'####...####...........
...(..gD..(.[(.D@ยงยง..##.##.######
###....(.(#####...##.##.##.#
#######(# ######.##.##.# # #.#
#.##.##.# # #.# #.##.##># # #.#
#.##.##.# # ..# #.##.##.# # ###
#.##.##.###### #.............


You could see a steam dragon (catching breath).

Vanquished Creatures
  Pikel (D:5)
  Grinder (D:4)
  A sky beast (D:5)
  A phantom (D:5)
  3 slaves (D:5)
  5 ogres
  2 crimson imps
  A centaur skeleton (D:4)
  2 orc priests
  A hound (D:5)
  3 orc wizards
  4 worker ants
  Robin (D:3)
  A howler monkey skeleton (D:5)
  4 adders
  9 gnolls
  10 river rats (D:5)
  2 shadow imps
  3 worms
  3 dart slugs (D:1)
  4 leopard geckos
  17 orcs
  6 bats
  4 giant cockroaches
  19 goblins
  7 hobgoblins
  9 jackals
  14 quokkas
  A ball python (D:3)
  4 frilled lizards
  4 kobolds
  A quokka skeleton (D:4)
  25 rats
173 creatures vanquished.

Vanquished Creatures (others)
  A slave (D:5)
  A gnoll (D:5)
  4 fulminant prisms (D:5)
6 creatures vanquished.

Grand Total: 179 creatures vanquished

Notes
Turn   | Place    | Note
-------+----------+-------------------------------------------
     0 | D:1      | DearestLeader the Deep Elf Conjurer began the quest for the
                  | Orb.
     0 | D:1      | Reached XP level 1. HP: 10/10 MP: 6/6
     1 | D:1      | Noticed an electric eel
    45 | D:1      | Found a glowing golden altar of the Shining One.
   147 | D:1      | Reached XP level 2. HP: 15/15 MP: 6/8
   176 | D:1      | Reached skill level 5 in Conjurations
   180 | D:1      | Learned a level 2 spell: Searing Ray
   796 | D:2      | Reached XP level 3. HP: 19/19 MP: 3/9
  1058 | D:2      | Learned a level 3 spell: Dazzling Flash
  1168 | D:2      | Found a sparkling altar of Nemelex Xobeh.
  1190 | D:2      | Found a bloodstained altar of Trog.
  1203 | D:2      | Reached skill level 6 in Conjurations
  1211 | D:2      | Reached XP level 4. HP: 24/24 MP: 2/10
  1835 | D:3      | Reached skill level 7 in Conjurations
  1835 | D:3      | Reached XP level 5. HP: 28/28 MP: 11/11
  1977 | D:3      | Learned a level 4 spell: Fulminant Prism
  2258 | D:3      | Noticed Robin
  2276 | D:3      | Killed Robin
  2481 | D:3      | Reached XP level 6. HP: 32/32 MP: 12/12
  2918 | D:4      | Reached skill level 8 in Conjurations
  3257 | D:4      | Reached XP level 7. HP: 36/36 MP: 15/15
  3453 | D:4      | Learned a level 4 spell: Iskenderun's Mystic Blast
  3521 | D:4      | Noticed Grinder
  3533 | D:4      | Killed Grinder
  3533 | D:4      | Reached skill level 5 in Spellcasting
  3533 | D:4      | Reached skill level 9 in Conjurations
  3938 | D:5      | Entered Level 5 of the Dungeon
  4203 | D:5      | Reached skill level 10 in Conjurations
  4262 | D:5      | Reached XP level 8. HP: 41/41 MP: 15/18
  5032 | D:5      | Noticed Pikel
  5053 | D:5      | Killed Pikel
  5053 | D:5      | Reached skill level 11 in Conjurations
  5281 | D:5      | Reached XP level 9. HP: 45/45 MP: 19/23
  5380 | D:5      | Slain by a steam dragon

Illustrated notes

Levels and vault maps discovered:
D:1:      arrival_aquarium_a, layout_basic, tso_altar
D:2:      layout_loops_cross, nemelex_xobeh_ov_fountains_minmay, bloody_trog,
          minmay_bisected
D:3:      layout_basic, first_ration, uniq_robin
D:4:      layout_loops_ring, uniq_grinder
D:5:      lemuel_ratsnest, layout_loops_ring, minmay_quadrilaterals, uniq_pikel

Skill      XL: |  1  2  3  4  5  6  7  8 |
---------------+-------------------------+-----
Conjurations   | 5 6 7 8 10 11 | 11.8
Dodging        | 3 |  3.0
Spellcasting   | 4 5 8 |  8.2
Stealth        | |  2.4

Action                   |  1- 3 |  4- 6 |  7- 9 || total
-------------------------+-------+-------+-------++-------
Melee: Dagger            |     1 |       |       ||     1
       Whip              |       |     2 |     5 ||     7
 Cast: Magic Dart        |    56 |    93 |   112 ||   261
       Searing Ray       |     2 |    14 |    24 ||    40
       Fulminant Prism   |       |       |     4 ||     4
  Use: Scroll            |       |     3 |       ||     3
  Eat: Chunk             |     1 |     6 |     7 ||    14
Armor: Robe              |     4 |     1 |     2 ||     7
Dodge: Dodged            |     5 |     4 |    20 ||    29
Block: Other             |       |     2 |     5 ||     7
       Reflection        |       |       |     1 ||     1
